 Dungeon Crawl Stone Soup version 0.17-a0-2055-gb4e23be (webtiles) character file.

345 derrpe the Conjurer (level 6, -3/36 HPs)
             Began as a High Elf Air Elementalist on Oct 11, 2015.
             Slain by a gnoll
             ... wielding a +0 flail
              (10 damage)
             ... on level 5 of the Dungeon.
             The game lasted 00:17:27 (4776 turns).

derrpe the Conjurer (High Elf Air Elementalist)     Turns: 4776, Time: 00:17:27

Health: -3/36      AC:  8    Str:  7    XL:     6   Next: 32%
Magic:  0/10       EV: 13    Int: 21    God:
Gold:   153        SH:  0    Dex: 16    Spells: 4 memorised, 1 level left

rFire  . . .     SeeInvis .     x - +0 dagger (protect)
rCold  . . .     Clarity  .     a - +1 robe
rNeg   . . .     SustAt   +     (no shield)
rPois  +         Gourm    .     (no helmet)
rElec  .         Spirit   .     (no cloak)
rCorr  .         Warding  .     (no gloves)
rMut   .         Stasis   .     (no boots)
MR     .....                    (no amulet)
Stlth  ++........               e - ring of sustain attributes
                                r - ring of poison resistance

@: swift (expiring), repel missiles, invisible, very quick, not resistant to
hostile enchantments, unstealthy
A: no striking features
a: no special abilities


You were on level 5 of the Dungeon.
You were not hungry.

You visited 1 branch of the dungeon, and saw 5 of its levels.

You collected 153 gold pieces.

Inventory:

Hand Weapons
 x - a +0 dagger of protection (weapon)
Armour
 a - a +1 robe (worn)
Jewellery
 e - a ring of sustain attributes (right hand)
 r - a ring of poison resistance (left hand)
Scrolls
 g - a scroll of enchant armour
 h - 3 scrolls of identify
 i - 2 scrolls of remove curse
Potions
 d - 3 potions of flight {unknown}
 f - 3 potions of might {unknown}
 l - a potion of ambrosia
 n - a potion of cure mutation {unknown}
 o - a potion of cancellation {unknown}
 p - 4 potions of curing {unknown}
 s - 2 potions of brilliance {unknown}
 u - a potion of resistance {unknown}
 w - a potion of heal wounds {unknown}
 z - a potion of poison {unknown}
Books
 b - a book of Air

   Spells                             Type                      Level
   a - Shock                          Conjuration/Air              1
   b - Swiftness                      Charms/Air                   2
   c - Repel Missiles                 Charms/Air                   2
   d - Static Discharge               Conjuration/Air              3
   e - Lightning Bolt                 Conjuration/Air              5
Comestibles
 c - 5 bread rations {@e1}
 k - 3 meat rations {@e2}
 q - a royal jelly


   Skills:
 - Level 2.1 Dodging
 - Level 2.1 Stealth
 - Level 2.4 Spellcasting
 * Level 5.9 Conjurations
 + Level 5.6 Air Magic


You had one spell level left.
You knew the following spells:

 Your Spells              Type           Power        Failure   Level  Hunger
a - Shock                 Conj/Air       ####         1%          1    None
b - Repel Missiles        Chrm/Air       ##....       10%         2    ##.....
c - Swiftness             Chrm/Air       ##......     10%         2    ##.....
d - Static Discharge      Conj/Air       ####....     4%          3    ###....


Dungeon Overview and Level Annotations

Branches:
Dungeon (5/15)
 Temple: D:4-7

Altars:
Makhleb
The Shining One

Shops:
D:4 =


Message History

Casting: Static Discharge
Confirm with . or Enter, or press ? or * to list all spells.
The gnoll shaman is struck by lightning.
The gnoll shaman is almost dead.
The lightning arcs!
The gnoll is struck by lightning.
You kill the gnoll!
The lightning grounds out.
The gnoll shaman hits you with a mace.
Unknown command.
Casting: Static Discharge
Confirm with . or Enter, or press ? or * to list all spells.
The gnoll shaman is struck by lightning.
You kill the gnoll shaman!
The lightning grounds out.
The gnoll hits you with a flail!
* * * LOW HITPOINT WARNING * * *
Unknown command.
Unknown command.
Drink which item? (? for menu, Esc to quit)
You fade into invisibility!
The gnoll hits you with a flail!
You die...

...... [. #...# .#
#...# %######
#...######.......
#................
###.#####ยง.......
#.#####.#######
#....##.#
#..)@...#
#..5g#### #.#.##
...#.# ###.#.#
#.#.# #g#.. .#


You could see a gnoll and a crimson imp.

Vanquished Creatures
  A crimson imp (D:5)
  A jelly (D:5)
  An orc wizard (D:3)
  A giant frog skeleton (D:2)
  An iguana (D:4)
  A gnoll shaman (D:5)
  2 gnolls
  4 adders
  An ooze (D:1)
  2 adder skeletons
  3 worms
  3 giant geckos
  11 orcs
  2 ball pythons
  9 bats
  4 goblins
  10 hobgoblins
  3 jackals (D:3)
  2 quokkas
  3 giant cockroaches
  4 giant newts
  10 kobolds
  8 rats
87 creatures vanquished.

Notes
Turn   | Place    | Note
--------------------------------------------------------------
     0 | D:1      | derrpe the High Elf Air Elementalist began the quest for the Orb.
     0 | D:1      | Reached XP level 1. HP: 11/11 MP: 4/4
   179 | D:1      | Reached XP level 2. HP: 7/17 MP: 1/6
   722 | D:1      | Found a glowing golden altar of the Shining One.
  1265 | D:2      | Reached XP level 3. HP: 19/21 MP: 3/7
  1482 | D:2      | Reached skill level 4 in Air Magic
  1668 | D:2      | Learned a level 2 spell: Repel Missiles
  1671 | D:2      | Learned a level 2 spell: Swiftness
  2349 | D:2      | Reached XP level 4. HP: 15/27 MP: 4/8
  3272 | D:3      | Found a burning altar of Makhleb.
  3361 | D:3      | Reached XP level 5. HP: 28/31 MP: 3/9
  3596 | D:4      | Found Kuarheic's Jewellery Emporium.
  3610 | D:4      | Reached skill level 5 in Conjurations
  3610 | D:4      | Reached skill level 5 in Air Magic
  3927 | D:4      | Noticed a phantom
  3963 | D:3      | Learned a level 3 spell: Static Discharge
  4491 | D:5      | Entered Level 5 of the Dungeon
  4511 | D:5      | Reached XP level 6. HP: 31/36 MP: 3/10
  4776 | D:5      | Slain by a gnoll

Vault maps used:
D:1:      elethiomel_arrival_infinity_welcomes_careful_drivers, tso_metal_star
D:3:      old_standard_altar
D:4:      lemuel_round_altar, lemuel_crystal_altar, serial_shops,
          nicolae_shop_statue_plus, first_bread, dk_noncrumbling_4
D:5:      temple_doors_c

Action                   |  1- 3 |  4- 6 || total
-------------------------+-------+-------++-------
Melee: Dagger            |    31 |   110 ||   141
       Glaive            |     3 |    32 ||    35
 Cast: Shock             |    58 |    56 ||   114
       Repel Missiles    |     1 |       ||     1
       Static Discharge  |       |     7 ||     7
       Swiftness         |       |     2 ||     2
  Use: Scroll            |       |     7 ||     7
       Potion            |       |     1 ||     1
 Stab: Sleeping          |     5 |     6 ||    11
  Eat: Chunk             |     5 |     6 ||    11
       Pizza             |       |     2 ||     2
